 Dungeon Crawl Stone Soup version 0.31-a0-1476-g8a4046af8c (webtiles) character file.

Game seed: 17689804074379870628

26332 wagu the Grappler (level 12, -2/124 HPs)
             Began as a Troll Shapeshifter on Dec 28, 2023.
             Was an Initiate of Gozag.
             Slain by a seven-headed hydra (12 damage)
             ... on level 3 of the Lair of Beasts on Dec 29, 2023.
             The game lasted 00:35:39 (14586 turns).

wagu the Grappler (Troll Shapeshifter)             Turns: 14586, Time: 00:35:41

Health: -2/124     AC:  5    Str: 23    XL:     12   Next: 97%
Magic:  11/11      EV: 25    Int:  6    God:    Gozag
Gold:   137        SH:  0    Dex: 13    Spells: 11/11 levels left

rFire   + .          .
                       - Unarmed
rCold   + . .        (no shield)
rNeg    . . .        a - +1 animal skin
rPois   .            (helmet currently unavailable)
rElec   .            (cloak currently unavailable)
rCorr   +            (gloves unavailable)
SInv    +            (boots unavailable)
Will    .....        w - amulet of the acrobat
Stlth   +            L - +4 ring of slaying
HPRegen 1.20/turn    m - ring of Fuapp {rF+ rC+ rCorr Str-2 SInv}
MPRegen 0.12/turn

%: acrobat
@: beast-form, gold aura, acrobatic
A: beast (slay +4), large, unfitting armour, claws 3, regeneration 1, shaggy fur
1, tough skin 1
a: Begin Untransformation, Renounce Religion, Potion Petition, Call Merchant,
Bribe Branch


You were on level 3 of the Lair of Beasts.
You worshipped Gozag.
Gozag was aware of your devotion.
You were a hulking beast.
You visited 3 branches of the dungeon, and saw 13 of its levels.
You also visited: Sewer.

You collected 2426 gold pieces.
You paid 2289 gold pieces to Gozag.

Inventory:

Missiles
 v - 8 curare-tipped darts
Armour
 a - a +1 animal skin (worn)
 h - a +2 hat
Jewellery
 f - a ring of wizardry
 k - a ring of ice
 m - the ring of Fuapp (right claw) {rF+ rC+ rCorr Str-2 SInv}
   (You acquired it on level 4 of the Dungeon)

   [ring of see invisible]

   Str-2:     It affects your strength (-2).
   rF+:       It protects you from fire.
   rC+:       It protects you from cold.
   SInv:      It lets you see invisible.
   rCorr:     It protects you from acid and corrosion.
 w - an amulet of the acrobat (around neck)
 H - a +6 ring of dexterity
 L - a +4 ring of slaying (left claw)
Talismans
 d - a flux talisman
 z - a blade talisman
 G - a beast talisman (active)
Wands
 c - a wand of flame (22)
 l - a wand of roots (25)
 C - a wand of mindburst (7)
Scrolls
 b - a scroll of fog {unknown}
 e - a scroll of enchant armour
 j - a scroll of brand weapon
 o - a scroll of poison {unknown}
 x - a scroll of identify
 J - 2 scrolls of noise
Potions
 g - 4 potions of brilliance
 i - 3 potions of mutation
 n - a potion of ambrosia
 p - a potion of resistance
 q - 2 potions of attraction
 r - 3 potions of magic
 t - 2 potions of degeneration
Miscellaneous
 I - a condenser vane


   Skills:
 - Level 9.5 Fighting
 - Level 1.5 Dodging
 - Level 0.1 Stealth
 - Level 14.0 Unarmed Combat
 + Level 12.7 Shapeshifting


You had 11 spell levels left.
You didn't know any spells.
Your spell library contained the following spells:

 Spells                   Type           Power      Damage    Failure   Level
 Magic Dart               Conj           0%         1d3       45%         1
 Blink                    Tloc           0%         N/A       58%         2
 Call Imp                 Summ           0%         N/A       58%         2
 Scorch                   Fire           0%         2d5       58%         2
 Gell's Gravitas          Tloc           0%         N/A       83%         3
 Teleport Other           Tloc           0%         N/A       83%         3
 Flame Wave               Conj/Fire      0%         2d4       99%         4
 Dispersal                Tloc           0%         N/A       100%        6
 Summon Cactus Giant      Summ           0%         N/A       100%        6


Dungeon Overview and Level Annotations

Branches:
Dungeon (9/15)             Temple (1/1) D:7            Lair (3/5) D:9
  Swamp (0/4) Lair:2       Spider (0/4) Lair:2          Orc (0/2) D:9
  Sewer (visited)

Altars:
Cheibriados
Dithmenos
Elyvilon
Fedhas
Gozag
Hepliaklqana
Kikubaaqudgha
Makhleb
Nemelex Xobeh
Okawaru
Qazlal
Ru
Sif Muna
Trog
Uskayaw
Vehumet
Wu Jian
Xom
Yredelemnul
Zin


Innate Abilities, Weirdness & Mutations

You are a hulking beast.
Your limbs bulge with bestial killing power. (Slay +4)
You are too large for most types of armour.
You have claws for hands.
Your natural rate of healing is unusually fast.
You are covered in fur. (AC +1)
You have tough skin. (AC +1)


Message History

The three-headed hydra grows two more!
You claw the five-headed hydra!
The five-headed hydra is lightly wounded.
The grasping roots constrict the five-headed hydra.
You tear one of the five-headed hydra's heads off!
The four-headed hydra grows two more!
You mangle the six-headed hydra!!
The six-headed hydra is moderately wounded.
The grasping roots constrict the six-headed hydra!
The roots release their grip on the six-headed hydra.
The blink frog is distracted by your dazzling golden aura.
The six-headed hydra bites you! The six-headed hydra bites you.
The six-headed hydra bites you!
The six-headed hydra completely misses you.
The six-headed hydra barely misses you. The six-headed hydra bites you!
* * * LOW HITPOINT WARNING * * *
The blink frog gives a loud, deep croak!
You tear one of the six-headed hydra's heads off!
The five-headed hydra grows two more!
You mangle the seven-headed hydra!!
The seven-headed hydra is severely wounded.
The seven-headed hydra closely misses you.
The seven-headed hydra bites you.
* * * LOW HITPOINT WARNING * * *
The seven-headed hydra bites you!
* * * LOW HITPOINT WARNING * * *
The seven-headed hydra bites you but does no damage.
The seven-headed hydra completely misses you.
The seven-headed hydra bites you.
* * * LOW HITPOINT WARNING * * *
The seven-headed hydra bites you.
* * * LOW HITPOINT WARNING * * *
Unknown command.
Unknown command.
The blink frog is no longer distracted by gold.
The seven-headed hydra attacks as it pursues you!
The seven-headed hydra closely misses you.
The seven-headed hydra completely misses you.
The seven-headed hydra closely misses you.
The seven-headed hydra completely misses you.
The seven-headed hydra bites you!
You die...
Your body crumbles into a pile of gold.

##≈.........
≈≈≈............#
≈≈≈..........#>##
................#
.....####..##...
...### ####..P ..#.#
#..### # ..###
##.#.##.# .## ###
#...h..# .#
#####.#####.D..## .#
#.#.P.....#....#
.####.........F.$.#
..............#...#
.......#[.........#
..........$.......#
......##..$..###P.#
.###..##............


You could see a seven-headed hydra and a blink frog.

Vanquished Creatures
  Fannar (Lair:2)
  3 hydras (Lair:2)
  A boulder beetle (D:8)
  A skyshark (Lair:2)
  Maurice (D:7)
  7 elephants
  3 black mambas
  A torpor snail (Lair:1)
  9 cane toads
  7 komodo dragons
  A polar bear (Lair:1)
  A tyrant leech (Lair:2)
  8 blink frogs
  4 culicivoras (Lair:2)
  A wyvern (Lair:2)
  A fire elemental (D:8)
  4 fire bats (D:8)
  35 yaks
  Menkaure (D:4)
  2 swamp worms (Lair:2)
  8 water moccasins
  A hell hound (D:8)
  5 orc warriors
  5 black bears
  A black bear (shapeshifter) (D:9)
  3 sky beasts
  An ice beast (D:6)
  3 ogres
  3 wolves (Lair:3)
  A centaur (D:9)
  2 phantoms (D:6)
  4 kobold brigands
  6 bullfrogs
  4 scorpions
  8 wights (D:8)
  10 killer bees
  4 howler monkeys
  2 lava snakes (D:8)
  5 hounds
  2 jellies
  6 orc priests
  A sleepcap (D:4)
  Jessica (D:2)
  2 iguanas (D:6)
  Ijyb (D:3)
  Terence (D:2)
  6 orc wizards
  7 gnolls
  3 adders
  A river rat (D:6)
  2 ufetubi (D:5)
  3 worms
  4 dart slugs
  32 orcs
  7 endoplasms
  5 giant cockroaches
  3 goblins
  3 hobgoblins
  9 jackals
  44 kobolds
  5 quokkas
  10 ball pythons
  13 bats
  2 frilled lizards (D:1)
  12 rats
353 creatures vanquished.

Notes
Turn   | Place    | Note
-------+----------+-------------------------------------------
     0 | D:1      | wagu the Troll Shapeshifter began the quest for the Orb.
     0 | D:1      | Reached XP level 1. HP: 18/18 MP: 0/0
    51 | D:1      | Reached XP level 2. HP: 24/26 MP: 1/1
   339 | D:1      | Reached XP level 3. HP: 32/32 MP: 2/2
   436 | D:1      | Found a faded altar of an unknown god.
   605 | D:1      | Reached skill level 4 in Unarmed Combat
   862 | D:2      | Noticed Jessica
   876 | D:2      | Killed Jessica
   877 | D:2      | Reached XP level 4. HP: 33/40 MP: 3/3
  1226 | D:2      | Noticed Terence
  1231 | D:2      | Killed Terence
  1767 | D:3      | Reached XP level 5. HP: 46/46 MP: 4/4
  1908 | D:3      | Noticed Ijyb
  1917 | D:3      | Killed Ijyb
  2180 | D:4      | Noticed an ogre
  2187 | D:4      | Killed an ogre
  2188 | D:4      | Reached skill level 5 in Unarmed Combat
  2356 | D:3      | Reached XP level 6. HP: 36/54 MP: 5/5
  2424 | D:4      | Reached skill level 5 in Shapeshifting
  2474 | D:4      | Noticed Menkaure
  2478 | D:4      | Killed Menkaure
  2479 | D:4      | Reached skill level 6 in Unarmed Combat
  2479 | D:4      | Reached XP level 7. HP: 61/61 MP: 6/6
  2773 | D:4      | Identified a scroll of acquirement
  2773 | D:4      | Acquired the ring of Fuapp {rF+ rC+ rCorr Str-2 SInv}
  2795 | D:5      | Entered Level 5 of the Dungeon
  3050 | D:5      | Reached skill level 1 in Fighting
  3620 | D:6      | Reached XP level 8. HP: 63/72 MP: 7/7
  3810 | D:6      | Found a glowing drain.
  3814 | Sewer    | Entered a sewer
  3941 | Sewer    | Reached skill level 7 in Unarmed Combat
  4666 | D:7      | Reached skill level 8 in Unarmed Combat
  4668 | D:7      | Noticed Maurice
  4672 | D:7      | Maurice stole an amulet of the acrobat
  4680 | D:7      | Maurice stole a beast talisman
  4682 | D:7      | Maurice stole 2 throwing nets
  4683 | D:7      | Maurice stole 383 gold
  4685 | D:7      | Killed Maurice
  4686 | D:7      | Reached skill level 5 in Fighting
  4686 | D:7      | Reached XP level 9. HP: 64/88 MP: 4/8
  4828 | D:7      | Found a staircase to the Ecumenical Temple.
  5179 | D:7      | HP: 3/88 [orc priest/divine providence (17)]
  5180 | D:7      | Reached skill level 9 in Unarmed Combat
  5180 | D:7      | HP: 1/89 [poisoned by a killer bee]
  5885 | Temple   | Entered the Ecumenical Temple
  5916 | Temple   | Became a worshipper of Gozag Ym Sagoz the Greedy
  6297 | D:7      | Reached skill level 10 in Unarmed Combat
  6417 | D:7      | Reached XP level 10. HP: 86/100 MP: 9/9
  7039 | D:8      | Identified the +6 falchion of Mana {holy, *Rage rElec rC++
                  | Stlth+}
  7440 | D:8      | Reached skill level 11 in Unarmed Combat
  7743 | D:9      | Noticed a boulder beetle
  7918 | D:8      | HP: 2/104 [boulder beetle (5)]
  7986 | D:8      | Killed a boulder beetle
  8266 | D:9      | Found a staircase to the Lair.
  8605 | D:9      | Reached XP level 11. HP: 60/113 MP: 10/10
  8814 | D:9      | Found a staircase to the Orcish Mines.
  9327 | Lair:1   | Entered Level 1 of the Lair of Beasts
  9347 | Lair:1   | Reached skill level 12 in Unarmed Combat
 10229 | Lair:1   | Reached skill level 13 in Unarmed Combat
 11690 | Lair:2   | Reached XP level 12. HP: 96/124 MP: 11/11
 11991 | Lair:2   | Reached skill level 14 in Unarmed Combat
 12252 | Lair:2   | Noticed a five-headed hydra
 12441 | Lair:2   | Killed an eight-headed hydra
 12442 | Lair:2   | Reached skill level 10 in Shapeshifting
 12515 | Lair:2   | Noticed Fannar
 12530 | Lair:2   | Killed Fannar
 12613 | Lair:2   | Identified the +0 leather armour "Dufys" {Str+2 Dex+2
                  | Stlth+}
 12613 | Lair:2   | Noticed a seven-headed hydra
 12821 | Lair:2   | Found a hole to the Spider Nest.
 12843 | Lair:2   | Killed a seven-headed hydra
 13134 | Lair:2   | Noticed a six-headed hydra
 13187 | Lair:2   | Killed a six-headed hydra
 13685 | Lair:2   | Found a staircase to the Swamp.
 13903 | Lair:3   | Noticed a four-headed hydra
 14443 | Lair:2   | Upgraded the game from 0.31-a0-1458-g2f8d4710b4 to
                  | 0.31-a0-1476-g8a4046af8c
 14586 | Lair:3   | Slain by a seven-headed hydra

Illustrated notes

Levels and vault maps discovered:
D:1:      reono_arrival_mine, layout_loops_cross,
          shapermc_ecumenical_altar_mp_highgroup
D:2:      layout_loops_ring, grunt_ministairs_8, uniq_terence, uniq_jessica
D:3:      minmay_skewed_foursquare, layout_loops_ring, uniq_ijyb
D:4:      layout_cave_pools, uniq_menkaure
D:5:      layout_cave_pods, nicolae_overflow_hidden_temple,
          minmay_misc_feat_rows, kennysheep_flooded_box
D:6:      layout_basic, gup_sewer_entry_spiral, minmay_misc_feat_iff
D:7:      layout_loops_ring, minmay_temple_entry_antechambers, uniq_maurice
D:8:      layout_rooms, chequers_serial_rivers_large_a,
          minmay_misc_feat_secret_circle, hangedman_incinerator
D:9:      nzn_winding_woodlands_small [nzn_winding_woodlands_5x15_default,
          nzn_winding_woodlands_center_diamonds,
          nzn_winding_woodlands_5x15_jagged], layout_cave_pods, david_orc_5
Temple:   mainiacjoe_temple_big_plus
Lair:1:   layout_cave_pods, lemuel_fruit_tree
Lair:2:   layout_cave_pods, palyth_hydra_swamp_entry,
          hellmonk_spider_entry_life_and_decay, grunt_megastairs_2,
          infiniplex_staircase_pool_2, uniq_fannar
Lair:3:   layout_gridlike, infiniplex_staircase_pool

Skill      XL: |  1  2  3  4  5  6  7  8  9 10 11 12 |
---------------+-------------------------------------+-----
Unarmed Combat | 4 5 6 8 10 11 13 14 | 14.0
Shapeshifting  | 4 5 6 7 8 12 | 12.7
Fighting       | 2 5 6 8 9 |  9.5
Dodging        | |  1.5
Stealth        | |  0.1

Action                     |  1- 3 |  4- 6 |  7- 9 | 10-12 || total
---------------------------+-------+-------+-------+-------++-------
  Melee: Unarmed           |    83 |   102 |   255 |   506 ||   946
         Punch             |     1 |     1 |    14 |    46 ||    62
 Invoke: Potion Petition   |       |       |       |     6 ||     6
Ability: Begin Untransform |       |       |       |     1 ||     1
  Evoke: Wand              |       |       |       |     5 ||     5
    Use: Scroll            |     2 |     3 |     3 |    18 ||    26
         Potion            |     1 |     1 |     4 |    13 ||    19
   Stab: Sleeping          |     5 |       |     2 |     1 ||     8
         Distracted        |       |       |     1 |     1 ||     2
 Armour: Animal skin       |    63 |    67 |   163 |   433 ||   726
         Skin              |       |       |       |    24 ||    24
  Dodge: Dodged            |    40 |    45 |   121 |   345 ||   551
   Form: Blade             |       |       |       |     1 ||     1
         Beast             |       |       |       |     1 ||     1

Table legend: (Time is in decaauts)
 A = Elapsed time spent in this place.
 B = Non-inter-level travel time spent in this place.
 C = Inter-level travel time spent in this place.
 D = Time resting spent in this place.
 E = Time spent auto-exploring this place.
 F = Levels seen in this place.
 G = Mean time per level.
                   A        B        C        D        E       F      G
               +--------+--------+--------+--------+--------+-----+--------+
         Total |  14510 |  13727 |    783 |   4693 |   6439 |  14 | 1036.4 |
       Dungeon |   8963 |   8468 |    495 |   2329 |   4636 |   9 |  995.9 |
        Temple |     61 |      1 |     60 |      0 |      0 |   1 |   61.0 |
          Lair |   5233 |   5006 |    227 |   2354 |   1646 |   3 | 1744.3 |
         Sewer |    251 |    251 |      0 |      9 |    157 |   1 |  251.0 |
               +--------+--------+--------+--------+--------+-----+--------+

Top non-repeatable levels by time:
  Lair:2: 2551 daAuts
  Lair:1: 2398 daAuts
     D:8: 1841 daAuts
     D:7: 1645 daAuts
     D:9: 1135 daAuts
     D:5: 872 daAuts
     D:1: 786 daAuts
     D:3: 751 daAuts
     D:2: 682 daAuts
     D:4: 646 daAuts
     D:6: 602 daAuts
  Lair:3: 284 daAuts
   Sewer: 251 daAuts
  Temple: 61 daAuts
